 Dungeon Crawl Stone Soup version 0.30-a0-711-gf4ac18a38d (webtiles) character file.

Game seed: 3699552630349761418

53 inmateoo the Trooper (level 3, -2/29 HPs)
             Began as a Demonspawn Fighter on Jan 22, 2023.
             Slain by a gnoll
             ... wielding a +1 whip of venom
              (8 damage)
             ... on level 2 of the Dungeon.
             The game lasted 00:01:02 (1202 turns).

inmateoo the Trooper (Demonspawn Fighter)           Turns: 1202, Time: 00:01:02

Health: -2/29      AC:  9    Str: 18    XL:     3   Next: 64%
Magic:  3/3        EV:  7    Int:  9    God:
Gold:   81         SH:  4    Dex: 12    Spells: 2/2 levels left

rFire   . . .      SeeInvis .    a - +0 flail
rCold   . . .      Faith    .    c - +0 buckler
rNeg    . . .      Spirit   .    k - +0 chain mail
rPois   .          Reflect  .    (no helmet)
rElec   .          Harm     .    (no cloak)
rCorr   .          Rampage  .    (no gloves)
Will    .....                    (no boots) Stlth
                                 (no amulet)
HPRegen 0.24/turn                (no ring)
MPRegen 0.08/turn                (no ring)

@: lethally poisoned (-2 -> -10)
A: powered by death 1
a: no special abilities


You were on level 2 of the Dungeon.
You visited 1 branch of the dungeon, and saw 2 of its levels.

You collected 81 gold pieces.

Inventory:

Hand Weapons
 a - a +0 flail (weapon)
Armour
 c - a +0 buckler (worn)
 k - a +0 chain mail (worn)
Scrolls
 b - 3 scrolls of teleportation {unknown}
 g - a scroll of vulnerability {unknown}
 h - a scroll of immolation {unknown}
 i - a scroll of amnesia {unknown}
 j - a scroll of enchant armour {unknown}
 l - a scroll of fear {unknown}
Potions
 d - a potion of might
 f - a potion of lignification {unknown}


   Skills:
 + Level 3.3 Fighting
 * Level 2.5 Maces & Flails
 + Level 3.0 Armour
 + Level 1.0 Dodging
 + Level 3.0 Shields


You had 2 spell levels left.
You didn't know any spells.
Your spell library contained the following spells:

 Spells                   Type           Power      Damage    Failure   Level
 Ensorcelled Hibernation  Hex/Ice        0%         N/A       100%        2
 Passwall                 Tmut/Erth      0%         N/A       100%        2
 Swiftness                Air            0%         N/A       100%        3


Dungeon Overview and Level Annotations

Branches:
Dungeon (2/15)

Altars:


Innate Abilities, Weirdness & Mutations

You regenerate a little health from kills.


Message History

HP restored.
A gnoll comes into view. It is wielding a +1 whip of venom.
The gnoll shouts!
Things that are here:
a +0 whip; a gnoll corpse A gnoll is nearby!
A gnoll is nearby!
Things that are here:
a +0 spear; 2 stones The gnoll closely misses you.
You barely miss the gnoll. The gnoll hits you but does no damage.
You are poisoned.
You closely miss the gnoll.
You feel sick. You block the gnoll's attack.
The gnoll hits you with a +1 whip of venom.
You are more poisoned.
You sock the gnoll!
The gnoll is heavily wounded.
You feel very sick. The gnoll hits you but does no damage.
You are lethally poisoned!
You hit the gnoll.
The gnoll is severely wounded.
You feel very sick.
The gnoll hits you with a +1 whip of venom.
* * * LOW HITPOINT WARNING * * *
You are more poisoned.
It was a potion of heal wounds.
You feel much better.
You feel very sick. You block the gnoll's attack.
You hit the gnoll.
The gnoll is almost dead.
You feel very sick.
The gnoll hits you with a +1 whip of venom.
You closely miss the gnoll.
The gnoll is almost dead.
You feel very sick.
The gnoll hits you with a +1 whip of venom.
* * * LOW HITPOINT WARNING * * *
The gnoll hits you with a +1 whip of venom!
You die...

.# #.#)# ......
..#.#
.......#######.#
.........##....#
.........##.####
........>##....#
.........#####†#
..[......#####.#
.......g@.))...#
.........#######
.....$...#
.........#
.........#
.........#
...####### ...
.#


You could see a gnoll.

Vanquished Creatures
  2 gnolls (D:2)
  A worm (D:2)
  A dart slug (D:1)
  3 bats
  4 endoplasms
  A giant cockroach (D:2)
  2 goblins (D:2)
  4 jackals (D:2)
  2 quokkas (D:2)
  A ball python (D:1)
  4 kobolds
  3 rats
28 creatures vanquished.

Notes
Turn   | Place    | Note
-------+----------+-------------------------------------------
     0 | D:1      | inmateoo the Demonspawn Fighter began the quest for the
                  | Orb.
     0 | D:1      | Reached XP level 1. HP: 18/18 MP: 1/1
   493 | D:1      | Gained mutation: You regenerate a little health from kills.
                  | [demonic ancestry]
   493 | D:1      | Reached XP level 2. HP: 11/24 MP: 2/2
  1070 | D:2      | Reached XP level 3. HP: 29/29 MP: 3/3
  1115 | D:2      | Reached skill level 1 in Dodging
  1202 | D:2      | Slain by a gnoll

Illustrated notes

Levels and vault maps discovered:
D:1:      amcnicky_arrival_underground_garden, layout_basic,
          chequers_serial_rivers_micro_b, dk_noncrumbling_2, chequers_garden
D:2:      layout_basic, serial_shops, shop, uniq_robin

Skill      XL: |  1  2  3 |
---------------+----------+-----
Maces & Flails | 2 |  2.5
Shields        | 3 |  3.0
Armour         | 3 |  3.0
Dodging        | 1 |  1.0
Fighting       | |  3.3

Action                     || total
---------------------------++-------
  Melee: Flail             ||    95
    Use: Potion            ||     1
 Armour: Scale mail        ||    33
         Chain mail        ||    25
  Dodge: Dodged            ||    32
  Block: Buckler           ||    28

Table legend: (Time is in decaauts)
 A = Elapsed time spent in this place.
 B = Non-inter-level travel time spent in this place.
 C = Inter-level travel time spent in this place.
 D = Time resting spent in this place.
 E = Time spent auto-exploring this place.
 F = Levels seen in this place.
 G = Mean time per level.
                   A        B        C        D        E       F      G
               +--------+--------+--------+--------+--------+-----+--------+
         Total |   1233 |   1201 |     32 |    122 |    837 |   2 |  616.5 |
       Dungeon |   1233 |   1201 |     32 |    122 |    837 |   2 |  616.5 |
               +--------+--------+--------+--------+--------+-----+--------+

Top non-repeatable levels by time:
     D:1: 978 daAuts
     D:2: 255 daAuts
